Map: Dusk Towers

Players

LilDicky

  • Race: Terran Terran
  • League: Diamond

Sniper - Winner!

  • Race: Terran Terran
  • League: Diamond

VOD

http://www.twitch.tv/tumescentpie

Description

Time

  • Played on: Dec. 6, 2015, 12:33 a.m.
  • Length: 5:16
Show
View Real Time Build Order
Export as new Build Order

LilDicky Terran 

Build Orders:  

Get SALT Encoding   

  12  0:01  SCV  
  13  0:14  SCV  
  13  0:19  Supply Depot  
  14  0:27  SCV  
  15  0:30  Refinery  
  15  0:41  SCV  
  16  0:46  Barracks  
  16  0:53  SCV  
  17  1:05  SCV  
  18  1:17  SCV  
  19  1:36  Reaper  
  19  1:37  Supply Depot  
  19  1:39  Orbital Command  
  20  2:05  SCV  
  21  2:09  Command Center  
  21  2:22  Barracks  
  22  2:23  SCV  
  22  2:27  Barracks  
  23  2:31  Refinery  
  23  2:37  SCV  
  23  2:49  SCV  
  24  2:52  Factory  
  24  2:54  Command Center  
  24  2:58  Barracks Reactor  
  24  3:01  SCV  
  25  3:14  SCV  
  26  3:22  Orbital Command  
  26  3:26  SCV  
  25  3:34  Marine  
  25  3:35  Marine  
  25  3:37  Hellion  
  25  3:38  SCV  
  30  3:52  Marine  
  30  3:53  Marine  
  29  4:10  SCV x2, Marine  
  29  4:11  Marine  
  29  4:15  Factory Reactor  
  33  4:22  Factory Tech Lab, SCV  
  36  4:24  SCV  
  36  4:26  Factory  
  36  4:28  Orbital Command, Marine  
  36  4:33  Marine  
  36  4:34  SCV  
  39  4:42  Siege Tank  
  41  4:47  SCV  
  41  4:48  SCV  
  41  4:49  Engineering Bay  
  43  4:56  SCV  
  43  4:59  SCV  
Show
View Real Time Build Order
Export as new Build Order

Sniper Terran - Winner!

Build Orders: Reaper Expand 

Get SALT Encoding   

  12  0:01  SCV  
  13  0:17  Supply Depot, SCV  
  14  0:29  SCV  
  15  0:41  SCV  
  15  0:42  Barracks  
  16  0:52  Refinery  
  16  0:55  SCV  
  17  1:10  SCV  
  18  1:25  SCV  
  19  1:44  Reaper  
  19  1:46  Orbital Command  
  20  1:49  Command Center  
  20  2:09  Barracks  
  20  2:10  Barracks  
  20  2:15  SCV  
  21  2:17  Barracks Tech Lab  
  20  2:26  Supply Depot  
  20  2:27  SCV  
  21  2:37  Marauder  
  23  2:38  Stimpack  
  23  2:48  SCV  
  24  2:59  Barracks Reactor  
  24  3:02  SCV  
  24  3:03  Refinery, Orbital Command  
  25  3:07  Barracks Tech Lab  
  25  3:14  SCV  
  26  3:26  SCV  
  27  3:28  Marauder  
  27  3:29  Marauder  
  31  3:38  SCV  
  32  3:51  Marauder x2, Marine  
  37  4:00  SCV x2  
  38  4:10  Marine x2  
  38  4:12  SCV x2  
  42  4:20  Marauder  
  42  4:21  Concussive Shells  
  42  4:23  Marauder  
  46  4:26  Command Center  
  46  4:32  Supply Depot  
  46  4:44  Supply Depot  
  46  4:52  Engineering Bay  
  46  4:53  SCV x2, Marauder x2, Marine x2  
Tags
 
Add a new tag
Caveats
  • Supply blocks, unpowered buildings, or Contaminate may cause inaccurate times.
  • Supply counts are checked every 10 seconds.